 Dungeon Crawl Stone Soup version 0.20.1-1-g8b1a95d66d (webtiles) character file.

1439 NullDivider the Covert (level 8, 0/54 HPs)
             Began as an Octopode Artificer on Nov 24, 2017.
             Was an Initiate of Nemelex Xobeh.
             Shot with an arrow by a centaur (9 damage)
             ... on level 7 of the Dungeon.
             The game lasted 00:32:11 (6752 turns).

NullDivider the Covert (Octopode Artificer)         Turns: 6752, Time: 00:32:12

Health: 0/54       AC:  1    Str: 11    XL:     8   Next: 74%
Magic:  12/12      EV: 16    Int: 13    God:    Nemelex Xobeh [......]
Gold:   491        SH:  0    Dex: 15    Spells: 7/7 levels left

rFire    . . .     SeeInvis .   y - +0 dagger (elec)
rCold    . . .     Gourm    .   (no shield)
rNeg     . . .     Faith    .   (helmet restricted)
rPois    .         Spirit   .   (no amulet)
rElec    .         Reflect  .   (no ring)
rCorr    .         Harm     .   u - +2 ring of slaying
MR       .....                  (no ring)
Stlth    ++++++....             (no ring)
Regen    0.2/turn               (no ring)
MPRegen  0.2/turn               (no ring)
                                (no ring)
                                (no ring)

@: no status effects
A: almost no armour, stealthy swim, amphibious, 8 rings, constrict 8, camouflage
1, gelatinous body 1
a: Renounce Religion


You were on level 7 of the Dungeon.
You worshipped Nemelex Xobeh.
Nemelex Xobeh was noncommittal.
You were very hungry.

You visited 2 branches of the dungeon, and saw 8 of its levels.

You collected 491 gold pieces.

Inventory:

Hand Weapons
 y - a +0 dagger of electrocution (weapon)
Armour
 k - a +0 buckler
Jewellery
 u - a +2 ring of slaying (right tentacle)
Wands
 b - a wand of flame (19/48)
 c - a wand of enslavement (12/24)
 d - a wand of random effects (15/48)
 B - a wand of random effects (35/48)
Scrolls
 g - 2 scrolls of amnesia
 m - 2 scrolls of remove curse
 r - 2 scrolls of teleportation
 x - a scroll of enchant weapon {unknown}
 A - a scroll of blinking
Potions
 e - a potion of invisibility {unknown}
 h - a potion of brilliance {unknown}
 j - 3 potions of curing {unknown}
 l - 5 potions of might {unknown}
 o - 3 potions of heal wounds {unknown}
 q - 2 potions of agility {unknown}
 s - a potion of cancellation {unknown}
 t - a potion of lignification {unknown}
 v - 2 potions of flight {unknown}
 z - a potion of magic {unknown}
 D - a potion of haste {unknown}
Books
 p - a book of Callings

   Spells                             Type                      Level
   a - Summon Small Mammal            Summoning                    1
   b - Call Imp                       Summoning                    2
   c - Call Canine Familiar           Summoning                    3
   d - Summon Guardian Golem          Hexes/Summoning              3
   e - Summon Lightning Spire         Summoning/Air                4
   f - Summon Ice Beast               Ice/Summoning                4
Miscellaneous
 C - a plain deck of summoning
Comestibles
 a - a fruit
 f - 8 bread rations
 i - 3 royal jellies
 n - 3 meat rations


   Skills:
 + Level 3.9 Fighting
 + Level 4.3 Short Blades
 + Level 4.6 Dodging
 * Level 8.8 Stealth
 + Level 5.8 Evocations


You had 7 spell levels left.
You didn't know any spells.

Dungeon Overview and Level Annotations

Branches:
Dungeon (7/15)             Temple (1/1) D:5

Altars:
Ashenzari
Cheibriados
Dithmenos
Elyvilon
Fedhas
Gozag
Hepliaklqana
Kikubaaqudgha
Nemelex Xobeh
Okawaru
Qazlal
Ru
Trog
Vehumet
Xom
Yredelemnul
Zin
The Shining One

Shops:
D:5 [


Innate Abilities, Weirdness & Mutations

You cannot wear most types of armour.
You are very stealthy in the water. (Stealth+)
You are amphibious.
You can wear up to eight rings at the same time.
You can use your tentacles to constrict eight enemies at once.
Your skin changes colour to match your surroundings (Stealth+).
Your rubbery body absorbs attacks. (AC +1, EV +1)


Message History

The centaur hits your centaur but does no damage.
The centaur hits you.
Your centaur closely misses the centaur.
The centaur hits your centaur! The centaur hits your centaur.
The centaur hits you.
You hit the centaur.
The centaur is severely wounded.
Your centaur hits the centaur. The centaur hits your centaur!
Your centaur dies!
The centaur looks more experienced.
The centaur hits you!
* * * LOW HITPOINT WARNING * * *
The centaur wields an uncursed shortbow.
The centaur shoots an arrow.
The arrow completely misses you.
You hear a splash.
The centaur shoots an arrow.
The arrow hits you.
* * * LOW HITPOINT WARNING * * *
You hear a splash.
The centaur wields a shortbow.
The centaur shoots an arrow.
The arrow hits you!
You die...
Your body disappears without a glow.

....≈≈≈≈≈≈#
....≈≈≈≈≈#
#...≈≈≈≈≈#
....≈≈≈≈# ccc≈≈≈#
#ccZ≈≈# ##.≈≈≈≈#
≈≈.####.(≈≈≈##
≈≈≈..≈≈≈≈@(##
≈≈≈≈≈≈≈≈(≈##
.≈≈≈≈≈≈##.########
..##[.....(......#
. #.###########.#
#. #.# # #.## #<.#
#..#


You could see 5 centaurs and an adder skeleton.

Vanquished Creatures
  The ghost of zx48k the Sneak, an amateur OpWz (D:4)
  Menkaure (D:6)
  An orc warrior (D:6)
  A phantom (D:5)
  An ogre (D:4)
  A centaur (D:6)
  A bullfrog (D:6)
  3 howler monkeys (D:4)
  A centaur zombie (D:5)
  A hound (D:5)
  A centaur skeleton (D:4)
  4 orc wizards
  An iguana (D:4)
  6 worker ants
  A hound skeleton (D:5)
  13 adders
  A shadow imp (D:3)
  An ooze (D:2)
  An adder skeleton (D:4)
  4 worms
  7 dart slugs
  A leopard gecko (D:3)
  15 orcs
  A ball python (D:2)
  5 giant cockroaches
  5 goblins
  10 hobgoblins
  3 jackals (D:6)
  A quokka (D:5)
  5 bats
  2 frilled lizards
  A giant cockroach zombie (D:4)
  8 kobolds
  A leopard gecko zombie (D:5)
  A quokka zombie (D:6)
  14 rats
125 creatures vanquished.

Vanquished Creatures (others)
  A centaur (D:7)
1 creature vanquished.

Grand Total: 126 creatures vanquished

Notes
Turn   | Place    | Note
-------+----------+-------------------------------------------
     0 | D:1      | NullDivider the Octopode Artificer began the quest for the Orb.
     0 | D:1      | Reached XP level 1. HP: 13/13 MP: 3/3
   269 | D:1      | Reached XP level 2. HP: 16/18 MP: 4/4
   747 | D:1      | Reached XP level 3. HP: 23/23 MP: 5/5
   953 | D:2      | Reached skill level 2 in Stealth
  1408 | D:2      | Found a faded altar of an unknown god.
  1602 | D:2      | Reached XP level 4. HP: 28/28 MP: 6/6
  2003 | D:2      | Reached skill level 3 in Stealth
  2362 | D:2      | Reached XP level 5. HP: 30/34 MP: 8/8
  3452 | D:4      | Noticed zx48k's ghost (amateur OpWz)
  3459 | D:4      | Killed zx48k's ghost
  3459 | D:4      | Reached skill level 4 in Stealth
  3459 | D:4      | Reached XP level 6. HP: 41/41 MP: 9/9
  3473 | D:4      | Reached skill level 5 in Stealth
  3778 | D:4      | Reached XP level 7. HP: 35/45 MP: 10/10
  3901 | D:4      | Reached skill level 6 in Stealth
  4093 | D:4      | Reached skill level 5 in Evocations
  4398 | D:5      | Entered Level 5 of the Dungeon
  4591 | D:5      | Found Awecsar's Antique Armour Boutique.
  4835 | D:5      | Found a staircase to the Ecumenical Temple.
  4856 | Temple   | Entered the Ecumenical Temple
  5361 | D:5      | Reached skill level 7 in Stealth
  5389 | D:5      | Reached XP level 8. HP: 52/52 MP: 11/11
  5879 | D:6      | Found a sparkling altar of Nemelex Xobeh.
  5883 | D:6      | Became a worshipper of Nemelex Xobeh the Trickster
  6148 | D:6      | Received a gift from Nemelex Xobeh
  6266 | D:6      | Reached skill level 8 in Stealth
  6396 | D:6      | Noticed Menkaure
  6399 | D:6      | Killed Menkaure
  6752 | D:7      | Shot with an arrow by a centaur

Skill      XL: |  1  2  3  4  5  6  7  8 |
---------------+-------------------------+-----
Stealth        | 2 3 4 5 7 8 |  8.8
Short Blades   | 2 3 4 |  4.3
Evocations     | 4 5 |  5.8
Dodging        | 3 4 |  4.6
Fighting       | 2 3 |  3.9

Action                   |  1- 3 |  4- 6 |  7- 9 || total
-------------------------+-------+-------+-------++-------
Melee: Short sword       |     9 |       |       ||     9
       Dagger            |    60 |   123 |   123 ||   306
       Constrict         |    15 |    29 |    21 ||    65
       Tentacles         |    12 |    25 |    21 ||    58
Evoke: Wand              |       |     6 |     5 ||    11
  Use: Scroll            |     2 |     5 |     3 ||    10
 Stab: Sleeping          |     5 |    16 |    13 ||    34
  Eat: Chunk             |     1 |     8 |     8 ||    17
Armor: Skin              |     2 |     6 |     4 ||    12
Dodge: Dodged            |    34 |    59 |    62 ||   155
